 Dungeon Crawl Stone Soup version 0.21.1-1-g345015f (webtiles) character file.

604 fjord the Chopper (level 7, -11/61 HPs)
             Began as a Hill Orc Fighter on June 8, 2018.
             Mangled by an ogre
             ... wielding a +0 giant spiked club
              (16 damage)
             ... on level 6 of the Dungeon on June 11, 2018.
             The game lasted 00:30:20 (4093 turns).

fjord the Chopper (Hill Orc Fighter)                Turns: 4093, Time: 00:30:20

Health: -11/61     AC:  9    Str: 21    XL:     7   Next: 42%
Magic:  7/7        EV:  5    Int:  8    God:
Gold:   124        SH:  9    Dex: 10    Spells: 6/6 levels left

rFire    . . .     SeeInvis .   a - +1 war axe
rCold    . . .     Gourm    .   c - +0 shield
rNeg     . . .     Faith    .   l - +0 chain mail
rPois    .         Spirit   .   (no helmet)
rElec    .         Reflect  .   (no cloak)
rCorr    .         Harm     .   (no gloves)
MR       .....                  (no boots)
Stlth    ..........             (no amulet)
HPRegen  0.20/turn              (no ring)
MPRegen  0.10/turn              (no ring)

@: no status effects
A: no striking features
a: no special abilities


You were on level 6 of the Dungeon.
You were hungry.

You visited 1 branch of the dungeon, and saw 7 of its levels.

You collected 124 gold pieces.

Inventory:

Hand Weapons
 a - a +1 war axe (weapon)
 r - a +0 war axe
 u - a +0 war axe
Armour
 b - a +0 scale mail
 c - a +0 shield (worn)
 e - a +0 ring mail
 k - a +0 ring mail
 l - a +0 chain mail (worn)
Wands
 A - a wand of flame (35)
Scrolls
 j - 3 scrolls of identify
 o - 2 scrolls of teleportation
 s - a scroll of enchant weapon
 t - a scroll of remove curse
 v - a scroll of enchant armour {unknown}
 x - 2 scrolls of amnesia {unknown}
 y - a scroll of fear {unknown}
 z - a scroll of magic mapping
Potions
 d - a potion of might
 g - a potion of haste {unknown}
 h - 3 potions of curing
 i - 2 potions of flight {unknown}
 m - 3 potions of degeneration {unknown}
 n - a potion of cancellation {unknown}
 p - a potion of brilliance {unknown}
 q - a potion of agility {unknown}
Comestibles
 f - 9 rations


   Skills:
 * Level 5.2 Fighting
 * Level 7.3 Axes
 * Level 4.8 Armour
 - Level 0.3 Dodging
 - Level 0.1 Stealth
 * Level 4.8 Shields


You had 6 spell levels left.
You didn't know any spells.

Dungeon Overview and Level Annotations

Branches:
Dungeon (7/15)
 Temple: D:4-7

Altars:
Hepliaklqana


Message History

You see here an adder skeleton.
You closely miss the ogre. The ogre barely misses you.
You slash the ogre!
The ogre is heavily wounded.
The ogre hits you with a giant spiked club!
You slash the ogre!
The ogre is severely wounded.
The ogre hits you with a giant spiked club!
You barely miss the ogre.
The ogre is severely wounded.
The ogre hits you with a giant spiked club!
* * * LOW HITPOINT WARNING * * *
You hit the ogre but do no damage.
The ogre is severely wounded.
The ogre hits you with a giant spiked club.
* * * LOW HITPOINT WARNING * * *
You hit the ogre.
The ogre is severely wounded.
The ogre hits you with a giant spiked club!
You die...

..........# ....
..........#.....#..#
≈≈........'.#...#..#
≈≈........'.....#..#
....Y.....#..... ..#
.....[....#..#.###.#
....†..!..#........#
.........##+#..###.#
........##......@O.#
.....).###.....#####
......##
#........... .....##
#....####### ++####
#....# #....# #....#
#....# ##......+


You could see an ogre.

Vanquished Creatures
  Grinder (D:4)
  An eye of draining (D:6)
  The ghost of Tiareth the Magician, an amateur DEWz of Cheibriados (D:3)
  A hound (D:6)
  A worker ant (D:4)
  A worker ant zombie (D:6)
  7 adders
  4 oozes
  3 worms
  2 leopard geckos
  15 orcs
  4 giant cockroaches
  8 goblins
  9 hobgoblins
  12 jackals
  9 kobolds
  8 bats
  7 frilled lizards
  A jackal skeleton (D:4)
  6 rats
  3 bushes (D:2)
  2 plants (D:2)
106 creatures vanquished.

Notes
Turn   | Place    | Note
-------+----------+-------------------------------------------
     0 | D:1      | fjord the Hill Orc Fighter began the quest for the Orb.
     0 | D:1      | Reached XP level 1. HP: 19/19 MP: 1/1
    39 | D:1      | Reached XP level 2. HP: 19/26 MP: 2/2
   233 | D:1      | Reached skill level 3 in Axes
   309 | D:1      | Reached XP level 3. HP: 33/33 MP: 3/3
   864 | D:2      | Found a hazy altar of Hepliaklqana.
  1103 | D:2      | Reached XP level 4. HP: 37/40 MP: 4/4
  1459 | D:2      | Reached skill level 4 in Axes
  2401 | D:3      | Noticed Tiareth's ghost (amateur DEWz)
  2440 | D:3      | Reached XP level 5. HP: 38/46 MP: 5/5
  2447 | D:3      | Killed Tiareth's ghost
  2447 | D:3      | Reached skill level 5 in Axes
  2886 | D:4      | Noticed Grinder
  2889 | D:4      | Noticed an ogre
  2890 | D:4      | Paralysed by Grinder for 6 turns
  3002 | D:4      | Killed Grinder
  3002 | D:4      | Reached skill level 6 in Axes
  3002 | D:4      | Reached XP level 6. HP: 29/55 MP: 6/6
  3227 | D:4      | Reached skill level 5 in Fighting
  3227 | D:4      | Reached XP level 7. HP: 61/61 MP: 7/7
  3559 | D:5      | Entered Level 5 of the Dungeon
  3788 | D:6      | Reached skill level 7 in Axes
  4093 | D:6      | Mangled by an ogre

Skill      XL: |  1  2  3  4  5  6  7 |
---------------+----------------------+-----
Axes           | 3 4 6 7 |  7.3
Fighting       | 4 5 |  5.2
Shields        | 4 |  4.8
Armour         | 4 |  4.8
Dodging        | |  0.3
Stealth        | |  0.1

Action                   |  1- 3 |  4- 6 |  7- 9 || total
-------------------------+-------+-------+-------++-------
Melee: War axe           |    93 |   300 |    55 ||   448
  Use: Scroll            |     3 |     4 |     1 ||     8
  Eat: Chunk             |     1 |     4 |     2 ||     7
       Ration            |       |     1 |       ||     1
Armor: Scale mail        |    12 |       |       ||    12
       Ring mail         |    50 |    39 |       ||    89
       Chain mail        |       |    12 |    39 ||    51
Dodge: Dodged            |    36 |    50 |     8 ||    94
Block: Shield            |    54 |    66 |    17 ||   137
